 Dungeon Crawl Stone Soup version 0.29.0-4-gdea44cf6ec (webtiles) character file.

Game seed: 910271113892412608

110 qw the Chopper (level 4, -4/26 HPs)
             Began as a Tengu Warper on Aug 28, 2022.
             Slain by Grinder (6 damage)
             ... on level 3 of the Dungeon.
             The game lasted 00:00:12 (2418 turns).

qw the Chopper (Tengu Warper)                       Turns: 2418, Time: 00:00:13

Health: -4/26      AC: 10    Str: 13    XL:     4   Next: 91%
Magic:  8/8        EV:  7    Int: 14    God:
Gold:   172        SH:  0    Dex: 13    Spells: 7/7 levels left

rFire   . . .      SeeInvis .   Y - +1 hand axe
rCold   . . .      Faith    .   (no shield)
rNeg    . . .      Spirit   .   d - +0 plate armour
rPois   +          Reflect  .   (helmet restricted)
rElec   .          Harm     .   (no cloak)
rCorr   .          Rampage  .   (no gloves)
Will    .....                   (boots unavailable)
Stlth   ..........              (no amulet)
HPRegen 0.08/turn               g - +4 ring of evasion
MPRegen 0.11/turn               i - ring of poison resistance

@: no status effects
A: beak, talons 3
a: no special abilities


You were on level 3 of the Dungeon.
You visited 1 branch of the dungeon, and saw 3 of its levels.

You collected 172 gold pieces.


Innate Abilities, Weirdness & Mutations

You have a beak for a mouth.
You have claws for feet.


   Skills:
 - Level 2.0 Fighting
 + Level 5.1 Axes
 - Level 1.0 Throwing
 - Level 2.0 Armour
 - Level 2.1 Dodging
 - Level 2.0 Spellcasting
 - Level 2.4 Translocations


You had 7 spell levels left.
You didn't know any spells.
Your spell library contained the following spells:

 Spells                   Type           Power      Damage    Failure   Level
 Blink                    Tloc           16%        N/A       100%        2
 Gell's Gravitas          Tloc           8%         N/A       100%        3
 Lesser Beckoning         Tloc           8%         N/A       100%        3
 Teleport Other           Tloc           8%         N/A       100%        3
 Manifold Assault         Tloc           8%         N/A       100%        5

Inventory:

Hand Weapons
 j - a +0 flail
 Y - a +1 hand axe (weapon)
Armour
 d - a +0 plate armour (worn)
Jewellery
 g - a +4 ring of evasion (left hand)
 i - a ring of poison resistance (right hand)
Scrolls
 a - a scroll of identify
Potions
 f - a potion of flight {unknown}
 h - a potion of mutation {unknown}
 l - a potion of degeneration {unknown}

Dungeon Overview and Level Annotations

Branches:
Dungeon (3/15)

Altars:

Annotations:
D:3 Grinder


Message History

You hit Grinder.
Grinder is moderately wounded.
Grinder gestures at you. Pain shoots through your body!
You closely miss Grinder.
Grinder is moderately wounded.
Grinder gestures at you. Pain shoots through your body!
Grinder hits you but does no damage.
2409 ||| DRINKING potion of heal wounds.
You feel much better. Grinder closely misses you.
You barely miss Grinder. Your kick misses Grinder. Your peck misses Grinder.
Grinder is moderately wounded.
Grinder hits you but does no damage. Grinder hits you.
You hit Grinder.
Grinder is heavily wounded.
Grinder hits you.
You writhe in agony.
You hit Grinder but do no damage.
Grinder is heavily wounded.
Grinder closely misses you. Grinder hits you but does no damage.
You hit Grinder but do no damage.
Grinder is heavily wounded.
Grinder hits you but does no damage.
You barely miss Grinder. You claw Grinder. You peck Grinder, but do no damage.
Grinder is heavily wounded.
Grinder barely misses you. Grinder hits you.
You writhe in agony.
You hit Grinder. Your kick misses Grinder.
Grinder is severely wounded.
Grinder barely misses you.
You hit Grinder but do no damage.
Grinder is severely wounded.
Grinder says, "Just stop there for a second..."
Grinder hits you but does no damage. Grinder closely misses you.
You closely miss Grinder. You claw Grinder.
Grinder is severely wounded.
Grinder hits you but does no damage. x2
You slash Grinder! You claw Grinder.
Grinder is almost dead.
Grinder hits you.
You die...

#............(#......
##.########...##.##.#.
#.......# ######.##.#.
#..####.# #.#....
#..####.# #.#.##.
#.......# #.#.##.
#..#.##.# ..#.###
#..#.##.# ###.#..
#....@5.# #....
##.#.##.# ###.. #.#.#
# ##. #.... #. ###.#
#. #.. #. ### .######.
........ #######.


You could see Grinder (fast).

Vanquished Creatures
  4 gnolls (D:2)
  3 adders (D:2)
  A worm (D:2)
  7 bats
  4 endoplasms (D:2)
  2 giant cockroaches
  3 goblins
  4 hobgoblins
  A kobold (D:2)
  A quokka (D:2)
  3 ball pythons
  3 frilled lizards
  8 rats
44 creatures vanquished.

Notes
Turn   | Place    | Note
-------+----------+-------------------------------------------
     0 | D:1      | qw the Tengu Warper began the quest for the Orb.
     0 | D:1      | Reached XP level 1. HP: 12/12 MP: 4/4
     0 | D:1      | 0 ||| qw: Version: 0.1-a-89-g26bdef1
     0 | D:1      | 0 ||| qw: Game counter: 1342
     0 | D:1      | 0 ||| qw: Always use a shield: true
     0 | D:1      | 0 ||| qw: God list: Okawaru
     0 | D:1      | 0 ||| qw: Allow faded altars: false
     0 | D:1      | 0 ||| qw: Do Orc after D:15 true
     0 | D:1      | 0 ||| qw: Do second Lair branch before Depths: true
     0 | D:1      | 0 ||| qw: Lair rune preference: random
     0 | D:1      | 0 ||| qw: Plans: Normal
     0 | D:1      | 0 ||| PLANNING D:1-11
   327 | D:1      | Found a faded altar of an unknown god.
   476 | D:1      | Reached XP level 2. HP: 17/17 MP: 6/6
   593 | D:1      | Reached skill level 3 in Axes
   624 | D:1      | 624 ||| UPGRADING to +0 plate armour.
   671 | D:1      | 671 ||| DROPPING +0 leather armour.
   927 | D:1      | 927 ||| DROPPING +6 ring of intelligence.
   928 | D:1      | 928 ||| UPGRADING to +4 ring of evasion.
   929 | D:1      | 929 ||| UPGRADING to ring of poison resistance.
   930 | D:1      | 930 ||| READING 2 scrolls labelled GOCKAI FENIMIQ.
   931 | D:1      | 931 ||| DROPPING scroll of blinking.
  1100 | D:2      | Reached XP level 3. HP: 21/21 MP: 7/7
  1169 | D:2      | Reached skill level 4 in Axes
  1458 | D:2      | Reached XP level 4. HP: 19/26 MP: 8/8
  1549 | D:2      | 1549 ||| Stepping ~*~*~tactically~*~*~ (stealth).
  1711 | D:2      | Reached skill level 5 in Axes
  2128 | D:2      | 2128 ||| READING scroll labelled LOOVORH YCKU.
  2129 | D:2      | 2129 ||| READING scroll labelled KUPES NOOCO.
  2230 | D:2      | 2230 ||| READING scroll labelled KAUFFI OCHEUSCH.
  2231 | D:2      | 2231 ||| READING scroll labelled CISHRO PETOYC.
  2232 | D:2      | 2232 ||| READING 2 scrolls of identify.
  2232 | D:2      | 2232 ||| IDENTIFYING purple potion
  2404 | D:3      | Noticed Grinder
  2408 | D:3      | HP: 5/26 [Grinder/nerve-wracking pain (12)]
  2409 | D:3      | 2409 ||| DRINKING potion of heal wounds.
  2414 | D:3      | HP: 4/26 [Grinder (1)]
  2418 | D:3      | Slain by Grinder

Levels and vault maps discovered:
D:1:      dpeg_arrival_tiny_a, layout_basic,
          shapermc_ecumenical_altar_rom_forum, corexii_hall_statues_i,
          minmay_misc_feat_pillars, chequers_garden, kennysheep_pointless_box
D:2:      layout_basic
D:3:      layout_loops_cross, uniq_grinder

Skill      XL: |  1  2  3  4 |
---------------+-------------+-----
Axes           | 3 4 5 |  5.1
Armour         | 2 |  2.0
Fighting       | |  2.0
Throwing       | |  1.0
Dodging        | |  2.1
Spellcasting   | |  2.0
Translocations | |  2.4

Action                   |  1- 3 |  4- 6 || total
-------------------------+-------+-------++-------
Melee: Hand axe          |    69 |    53 ||   122
       Peck              |    11 |    12 ||    23
       Kick              |    15 |    16 ||    31
Throw: Boomerang         |     7 |       ||     7
  Use: Scroll            |     1 |     5 ||     6
       Potion            |       |     1 ||     1
Armor: Leather armour    |     2 |       ||     2
       Plate armour      |    29 |    23 ||    52
Dodge: Dodged            |    29 |    17 ||    46

Table legend:
 A = Non-vault XP
 B = Vault XP
 C = Vault XP percentage of total XP
 D = Non-vault monster count
 E = Vault monster count
 F = Vault count percentage of total count
                 A         B        C        D         E       F
            +---------+---------+-------+---------+---------+-------
      Total |     158 |       0 |   0.0 |      44 |       0 |   0.0
            +---------+---------+-------+---------+---------+-------
        D:1 |      20 |       0 |   0.0 |      14 |       0 |   0.0
        D:2 |     136 |       0 |   0.0 |      29 |       0 |   0.0
        D:3 |       2 |       0 |   0.0 |       1 |       0 |   0.0
            +---------+---------+-------+---------+---------+-------
